 Dungeon Crawl Stone Soup version 0.30-a0-137-gd8773701ce (webtiles) character file.

Game seed: 11196202378985407342

103 Pilot the Digger (level 4, 0/39 HPs)
             Began as a Troll Earth Elementalist on Sept 22, 2022.
             Slain by an orc priest
             ... wielding a +0 falchion
              (5 damage)
             ... on level 3 of the Dungeon.
             The game lasted 00:06:15 (1976 turns).

Pilot the Digger (Troll Earth Elementalist)         Turns: 1976, Time: 00:06:15

Health: 0/39       AC:  4    Str: 16    XL:     4   Next: 51%
Magic:  2/4        EV: 10    Int: 13    God:
Gold:   84         SH:  0    Dex: 10    Spells: 4/5 levels left

rFire   . . .      SeeInvis .      - Unarmed
rCold   . . .      Faith    .    (no shield)
rNeg    . . .      Spirit   .    a - +0 robe
rPois   .          Reflect  .    (helmet restricted)
rElec   .          Harm     .    (no cloak)
rCorr   .          Rampage  .    (gloves unavailable)
Will    .....                    (boots unavailable)
Stlth   ++........               (no amulet)
HPRegen 0.93/turn                (no ring)
MPRegen 0.09/turn                (no ring)

@: no status effects
A: large, unfitting armour, claws 3, regeneration 1, shaggy fur 1, tough skin 1
a: no special abilities


You were on level 3 of the Dungeon.
You visited 1 branch of the dungeon, and saw 3 of its levels.

You collected 84 gold pieces.

Inventory:

Armour
 a - a +0 robe (worn)
Scrolls
 d - a scroll of summoning {unknown}
 e - 2 scrolls of blinking {unknown}
 g - a scroll of magic mapping {unknown}
 h - a scroll of brand weapon {unknown}
 j - 5 scrolls of identify {unknown}
 m - 2 scrolls of vulnerability {unknown}
 n - a scroll of enchant weapon {unknown}
Potions
 b - a potion of magic
 c - 2 potions of curing {unknown}
 f - 2 potions of heal wounds {unknown}
 i - 2 potions of brilliance {unknown}
 k - a potion of ambrosia {unknown}
 l - a potion of invisibility {unknown}


   Skills:
 + Level 2.2 Dodging
 + Level 1.5 Stealth
 + Level 1.6 Unarmed Combat
 - Level 1.2 Spellcasting
 + Level 1.4 Transmutations
 + Level 3.2 Earth Magic


You had 4 spell levels left.
You knew the following spells:

 Your Spells              Type           Power      Damage    Failure   Level
a - Sandblast             Erth           18%        2d7       8%          1

Your spell library contained the following spells:

 Spells                   Type           Power      Damage    Failure   Level
 Passwall                 Tmut/Erth      5%         N/A       16%         2
 Stone Arrow              Conj/Erth      10%        3d7       38%         3
 Petrify                  Tmut/Erth      6%         N/A       71%         4


Dungeon Overview and Level Annotations

Branches:
Dungeon (3/15)

Altars:


Innate Abilities, Weirdness & Mutations

You are too large for most types of armour.
You have claws for hands.
Your natural rate of healing is unusually fast.
You are covered in fur. (AC +1)
You have tough skin. (AC +1)


Message History

You completely miss the orc.
The orc is heavily wounded.
The orc hits you with a +0 hand axe.
You claw the orc!
You kill the orc!
You closely miss something. Something hits you.
You barely miss something. Something hits you. Something hits you.
You claw something! Something hits you. The orc hits you but does no damage. x2
You claw the orc!
You kill the orc!
The orc priest calls down the wrath of Beogh upon you.
Beogh smites you!
The orc hits you from afar with a +0 trident!
Something hits you.
* * * LOW HITPOINT WARNING * * *
Something hits you but does no damage. The orc closely misses you.
There is an escape hatch in the ceiling here.
Items here: )) ††.
You closely miss the orc. The orc misses you.
Something hits you but does no damage.
You scratch the orc but do no damage. The orc hits you with a +0 trident.
Something hits you.
* * * LOW HITPOINT WARNING * * *
You scratch the orc.
The orc is moderately wounded.
The orc hits you but does no damage. Something hits you.
* * * LOW HITPOINT WARNING * * *
You claw the orc!
You kill the orc!
Something hits you but does no damage.
You closely miss something. Something hits you.
* * * LOW HITPOINT WARNING * * *
The orc priest mumbles some strange prayers to Beogh against you.
Pain shoots through your body!
* * * LOW HITPOINT WARNING * * *
You closely miss something. Something hits you but does no damage.
The orc priest hits you with a +0 falchion.
You die...

#.## #P#.#.# #.#
#..#.#.P..
#.###..P#.#..P.P
#..##..P#.######
#...#P..#.......
#.###...#######. #)#
#..P...PP.#. ######.#
P..P#. #..o@{.## #P#.
#.†###..############.
#>.####...........#..
#............#.####....#
.........########.#
##.>.. o........# #.#
##.## ..#....... ###
####.## ...)#....>.
##...... ....####...
#.......


You could see an orc priest.

Vanquished Creatures
  Jessica (D:2)
  An adder (D:2)
  2 worms
  2 dart slugs
  8 orcs (D:3)
  4 ball pythons
  3 bats
  An endoplasm (D:2)
  4 giant cockroaches
  7 goblins
  3 hobgoblins
  2 quokkas
  2 frilled lizards (D:1)
  5 kobolds
  5 rats
50 creatures vanquished.

Notes
Turn   | Place    | Note
-------+----------+-------------------------------------------
     0 | D:1      | Pilot the Troll Earth Elementalist began the quest for the
                  | Orb.
     0 | D:1      | Reached XP level 1. HP: 16/16 MP: 1/1
   297 | D:1      | Reached XP level 2. HP: 22/24 MP: 2/2
   299 | D:1      | Found a faded altar of an unknown god.
   397 | D:1      | Reached skill level 1 in Transmutations
   795 | D:2      | Reached skill level 1 in Unarmed Combat
   795 | D:2      | Reached XP level 3. HP: 31/31 MP: 3/3
   908 | D:2      | Reached skill level 3 in Earth Magic
  1193 | D:2      | Noticed Jessica
  1227 | D:2      | Killed Jessica
  1228 | D:2      | Reached XP level 4. HP: 34/39 MP: 0/4
  1976 | D:3      | Slain by an orc priest

Illustrated notes

Levels and vault maps discovered:
D:1:      minmay_arrival_stone_box, layout_basic,
          hellmonk_ecumenical_altar_pennies_from_heaven
D:2:      layout_loops_corners, minmay_misc_feat_rugged, minmay_misc_feat_alley,
          uniq_jessica
D:3:      layout_rooms, serial_aquarium, aquarium_bridge_long_joined
          [aquarium_subvault_wall, aquarium_subvault_wall,
          aquarium_subvault_bridge, aquarium_subvault_bridge,
          aquarium_subvault_wall, aquarium_subvault_wall],
          aquarium_window_corner, aquarium_window_corridor_1,
          aquarium_window_corner, aquarium_view_2a, aquarium_view_2c,
          aquarium_balcony_3b, aquarium_pool_corner, kennysheep_nondescript,
          hex_medium

Skill      XL: |  1  2  3 |
---------------+----------+-----
Transmutations | 1 |  1.4
Unarmed Combat | 1 |  1.6
Earth Magic    | 3 |  3.2
Dodging        | 2 |  2.2
Stealth        | |  1.5
Spellcasting   | |  1.2

Action                   |  1- 3 |  4- 6 || total
-------------------------+-------+-------++-------
Melee: Unarmed           |   122 |    50 ||   172
       Punch             |     2 |       ||     2
 Cast: Sandblast         |     5 |     4 ||     9
 Stab: Sleeping          |       |     1 ||     1
Armor: Robe              |    34 |    15 ||    49
Dodge: Dodged            |    47 |    24 ||    71

Table legend: (Time is in decaauts)
 A = Elapsed time spent in this place.
 B = Non-inter-level travel time spent in this place.
 C = Inter-level travel time spent in this place.
 D = Time resting spent in this place.
 E = Time spent auto-exploring this place.
 F = Levels seen in this place.
 G = Mean time per level.
                   A        B        C        D        E       F      G
               +--------+--------+--------+--------+--------+-----+--------+
         Total |   1979 |   1713 |    266 |      0 |   1316 |   3 |  659.7 |
       Dungeon |   1979 |   1713 |    266 |      0 |   1316 |   3 |  659.7 |
               +--------+--------+--------+--------+--------+-----+--------+

Top non-repeatable levels by time:
     D:2: 1039 daAuts
     D:1: 632 daAuts
     D:3: 307 daAuts
